 Dungeon Crawl Stone Soup version 0.31-a0-833-gc15d34cb79 (webtiles) character file.

Game seed: 16632449639742737309

32 Fodor the Covered (level 3, -7/33 HPs)
             Began as a Minotaur Fighter on Sept 26, 2023.
             Mangled by Crazy Yiuf
             ... wielding a +2 quarterstaff of chaos
              (12 damage)
             ... on level 2 of the Dungeon.
             The game lasted 00:09:23 (1541 turns).

Fodor the Covered (Minotaur Fighter)                Turns: 1541, Time: 00:09:24

Health: -7/33      AC:  9    Str: 20    XL:     3   Next: 8%
Magic:  2/2        EV:  9    Int:  5    God:
Gold:   84         SH:  4    Dex:  7    Spells: 2/2 levels left

rFire   . . .        q - +4 hammer of Temperance {pain, *Corrode Str-2 SInv Stlth+}
rCold   . . .        c - +0 buckler
rNeg    . . .        b - +0 scale mail
rPois   .            (helmet restricted)
rElec   .            (no cloak)
rCorr   .            (no gloves)
SInv    +            (no boots)
Will    .....        p - amulet of regeneration
Stlth   +            (no ring)
HPRegen 1.05/turn    (no ring)
MPRegen 0.08/turn

%: corrode self (3%)
@: no status effects
A: horns 2, retaliatory headbutt, iridescent scales 1, clumsy 1
a: no special abilities


You were on level 2 of the Dungeon.
You visited 1 branch of the dungeon, and saw 2 of its levels.

You collected 84 gold pieces.

Inventory:

Hand Weapons
 a - a +0 long sword
 g - a +0 hand axe
 q - the +4 hammer of Temperance (weapon) {pain, *Corrode Str-2 SInv Stlth+}
   (You found it on level 2 of the Dungeon)

   Str-2:     It affects your strength (-2).
   SInv:      It lets you see invisible.
   *Corrode:  It may corrode you when you take damage.
   Stlth+:    It makes you more stealthy.
Armour
 b - a +0 scale mail (worn)
 c - a +0 buckler (worn)
Jewellery
 p - an amulet of regeneration (around neck)
Scrolls
 e - 2 scrolls of identify {unknown}
 j - a scroll of poison {unknown}
 n - a scroll of enchant armour {unknown}
 o - a scroll of blinking {unknown}
Potions
 i - a potion of curing {unknown}
 k - a potion of attraction {unknown}
 l - a potion of ambrosia {unknown}
 m - a potion of berserk rage {unknown}


   Skills:
 + Level 4.1 Fighting
 + Level 2.5 Long Blades
 + Level 4.2 Armour
 + Level 4.1 Shields


You had 2 spell levels left.
You didn't know any spells.
Your spell library was empty.

Dungeon Overview and Level Annotations

Branches:
Dungeon (2/15)

Altars:

Annotations:
D:2 Crazy Yiuf


Innate Abilities, Weirdness & Mutations

You have a pair of horns on your head.
You reflexively headbutt those who attack you in melee.
You are partially covered in iridescent scales. (AC +2)
You are clumsy. (Dex -2)


Message History

You see here a +0 hammer.
Found a glowing hammer and four hammers.
Found a runed translucent door.
You see here the +4 hammer of Temperance {pain, *Corrode Str-2 SInv Stlth+}.
q - the +4 hammer of Temperance {pain, *Corrode Str-2 SInv Stlth+} Crazy Yiuf shouts!
You see here a +0 hammer of pain.
You see here a +0 hammer.
Found two hammers.
Crazy Yiuf flaps his cloak.
You feel weaker.
You have a feeling of ineptitude.
q - the +4 hammer of Temperance (weapon)
{pain, *Corrode Str-2 SInv Stlth+} You open the door.
You closely miss Crazy Yiuf. Crazy Yiuf closely misses you.
You block Crazy Yiuf's attack.
You closely miss Crazy Yiuf. You headbutt Crazy Yiuf.
Crazy Yiuf is lightly wounded.
Crazy Yiuf hits you with a +2 quarterstaff of chaos.
You feel agile all of a sudden.
You closely miss Crazy Yiuf.
Crazy Yiuf is lightly wounded.
Crazy Yiuf hits you with a +2 quarterstaff of chaos!
Crazy Yiuf burns you.
Crazy Yiuf hits you with a +2 quarterstaff of chaos!
* * * LOW HITPOINT WARNING * * *
Crazy Yiuf draws strength from your wounds!
Okay, then.
You feel very mighty all of a sudden. Crazy Yiuf closely misses you.
It was a potion of mutation.
You feel extremely strange.
You feel clumsy.
Iridescent scales grow over part of your body.
Crazy Yiuf closely misses you.
It was a potion of cancellation.
Your magical effects are unravelling.
You feel magically purged.
You feel a little less mighty now.
You feel a little less agile now.
Crazy Yiuf hits you with a +2 quarterstaff of chaos!
You die...

.............
#####.####### #.#
#.# #.#
#.####♣♣♣♣♣
#.##.'..♣.♣♣♣ ###
#.......)♣))♣#).)#
##......♣♣♣♣@g)..#
##..'.♣♣ ♣♣#.))#
####♣♣ ###


You could see Crazy Yiuf.

Vanquished Creatures
  4 bats (D:1)
  2 endoplasms
  2 giant cockroaches (D:1)
  7 goblins (D:1)
  2 hobgoblins (D:1)
  2 kobolds
  3 ball pythons (D:1)
  A frilled lizard (D:1)
  8 rats
31 creatures vanquished.

Notes
Turn   | Place    | Note
-------+----------+-------------------------------------------
     0 | D:1      | Fodor the Minotaur Fighter began the quest for the Orb.
     0 | D:1      | Reached XP level 1. HP: 19/19 MP: 0/0
    93 | D:1      | Reached XP level 2. HP: 27/27 MP: 1/1
  1310 | D:2      | Reached XP level 3. HP: 33/33 MP: 2/2
  1529 | D:2      | Found a runed translucent door.
  1529 | D:2      | Identified the +4 hammer of Temperance {pain, *Corrode
                  | Str-2 SInv Stlth+}
  1531 | D:2      | Noticed Crazy Yiuf
  1540 | D:2      | Gained mutation: You are clumsy. (Dex -2) [potion of
                  | mutation]
  1540 | D:2      | Gained mutation: You are partially covered in iridescent
                  | scales. (AC +2) [potion of mutation]
  1541 | D:2      | Mangled by Crazy Yiuf

Illustrated notes

Levels and vault maps discovered:
D:1:      dpeg_arrival_prison, layout_basic
D:2:      layout_basic, minmay_fractal_squares_gapless_5,
          uniq_crazy_yiuf_cottage

Skill      XL: |  1  2 |
---------------+-------+-----
Armour         | 4 |  4.2
Fighting       | 4 |  4.1
Shields        | 4 |  4.1
Long Blades    | |  2.5

Action                     || total
---------------------------++-------
  Melee: Long sword        ||    56
         Headbutt          ||     9
         Mace              ||     3
    Use: Potion            ||     3
 Armour: Scale mail        ||    45
  Dodge: Dodged            ||    34
  Block: Buckler           ||    24

Table legend: (Time is in decaauts)
 A = Elapsed time spent in this place.
 B = Non-inter-level travel time spent in this place.
 C = Inter-level travel time spent in this place.
 D = Time resting spent in this place.
 E = Time spent auto-exploring this place.
 F = Levels seen in this place.
 G = Mean time per level.
                   A        B        C        D        E       F      G
               +--------+--------+--------+--------+--------+-----+--------+
         Total |   1558 |   1348 |    210 |      0 |      0 |   2 |  779.0 |
       Dungeon |   1558 |   1348 |    210 |      0 |      0 |   2 |  779.0 |
               +--------+--------+--------+--------+--------+-----+--------+

Top non-repeatable levels by time:
     D:1: 1304 daAuts
     D:2: 253 daAuts
